%YAML 1.1
%TAG !u! tag:unity3d.com,2011:
--- !u!65 &4954622167658007996
BoxCollider:
  m_ObjectHideFlags: 0
  m_CorrespondingSourceObject: {fileID: 0}
  m_PrefabInstance: {fileID: 0}
  m_PrefabAsset: {fileID: 0}
  m_GameObject: {fileID: 1202889497324066651}
  m_Material: {fileID: 0}
  m_IsTrigger: 0
  m_Enabled: 1
  serializedVersion: 2
  m_Size: {x: 1.6099999, y: 4, z: 1.6099999}
  m_Center: {x: 0, y: 2, z: -0.0000005662441}
--- !u!1 &1901407656357948958
GameObject:
  m_ObjectHideFlags: 0
  m_CorrespondingSourceObject: {fileID: 0}
  m_PrefabInstance: {fileID: 0}
  m_PrefabAsset: {fileID: 0}
  serializedVersion: 6
  m_Component:
  - component: {fileID: 8377538653282357370}
  m_Layer: 0
  m_Name: DoorSpawner
  m_TagString: Untagged
  m_Icon: {fileID: 0}
  m_NavMeshLayer: 0
  m_StaticEditorFlags: 0
  m_IsActive: 1
--- !u!4 &8377538653282357370
Transform:
  m_ObjectHideFlags: 0
  m_CorrespondingSourceObject: {fileID: 0}
  m_PrefabInstance: {fileID: 0}
  m_PrefabAsset: {fileID: 0}
  m_GameObject: {fileID: 1901407656357948958}
  m_LocalRotation: {x: 0, y: 0, z: 0, w: 1}
  m_LocalPosition: {x: 0, y: 0, z: 0}
  m_LocalScale: {x: 1, y: 1, z: 1}
  m_Children:
  - {fileID: 8506164670438182888}
  - {fileID: 1278863454786414486}
  - {fileID: 2016017462658387425}
  - {fileID: 3330836032091732728}
  m_Father: {fileID: 0}
  m_RootOrder: 0
  m_LocalEulerAnglesHint: {x: 0, y: 0, z: 0}
--- !u!65 &8200363434137081657
BoxCollider:
  m_ObjectHideFlags: 0
  m_CorrespondingSourceObject: {fileID: 0}
  m_PrefabInstance: {fileID: 0}
  m_PrefabAsset: {fileID: 0}
  m_GameObject: {fileID: 1942387508301380908}
  m_Material: {fileID: 0}
  m_IsTrigger: 0
  m_Enabled: 1
  serializedVersion: 2
  m_Size: {x: 1.6099999, y: 4, z: 1.6099999}
  m_Center: {x: 0, y: 2, z: -0.0000005662441}
--- !u!65 &8109963466085750965
BoxCollider:
  m_ObjectHideFlags: 0
  m_CorrespondingSourceObject: {fileID: 0}
  m_PrefabInstance: {fileID: 0}
  m_PrefabAsset: {fileID: 0}
  m_GameObject: {fileID: 9025256670112142674}
  m_Material: {fileID: 0}
  m_IsTrigger: 0
  m_Enabled: 1
  serializedVersion: 2
  m_Size: {x: 6, y: 4, z: 1.5000007}
  m_Center: {x: -0.00000011920929, y: 2, z: 0.0000002682209}
--- !u!1001 &946705047400372759
PrefabInstance:
  m_ObjectHideFlags: 0
  serializedVersion: 2
  m_Modification:
    m_TransformParent: {fileID: 8377538653282357370}
    m_Modifications:
    - target: {fileID: 2529578785426661615, guid: 1d9d15b4510e54642bb454c11717a6c8, type: 3}
      propertyPath: m_RootOrder
      value: 3
      objectReference: {fileID: 0}
    - target: {fileID: 2529578785426661615, guid: 1d9d15b4510e54642bb454c11717a6c8, type: 3}
      propertyPath: m_LocalPosition.x
      value: 0
      objectReference: {fileID: 0}
    - target: {fileID: 2529578785426661615, guid: 1d9d15b4510e54642bb454c11717a6c8, type: 3}
      propertyPath: m_LocalPosition.y
      value: 0
      objectReference: {fileID: 0}
    - target: {fileID: 2529578785426661615, guid: 1d9d15b4510e54642bb454c11717a6c8, type: 3}
      propertyPath: m_LocalPosition.z
      value: 0
      objectReference: {fileID: 0}
    - target: {fileID: 2529578785426661615, guid: 1d9d15b4510e54642bb454c11717a6c8, type: 3}
      propertyPath: m_LocalRotation.w
      value: 1
      objectReference: {fileID: 0}
    - target: {fileID: 2529578785426661615, guid: 1d9d15b4510e54642bb454c11717a6c8, type: 3}
      propertyPath: m_LocalRotation.x
      value: 0
      objectReference: {fileID: 0}
    - target: {fileID: 2529578785426661615, guid: 1d9d15b4510e54642bb454c11717a6c8, type: 3}
      propertyPath: m_LocalRotation.y
      value: 0
      objectReference: {fileID: 0}
    - target: {fileID: 2529578785426661615, guid: 1d9d15b4510e54642bb454c11717a6c8, type: 3}
      propertyPath: m_LocalRotation.z
      value: 0
      objectReference: {fileID: 0}
    - target: {fileID: 2529578785426661615, guid: 1d9d15b4510e54642bb454c11717a6c8, type: 3}
      propertyPath: m_LocalEulerAnglesHint.x
      value: 0
      objectReference: {fileID: 0}
    - target: {fileID: 2529578785426661615, guid: 1d9d15b4510e54642bb454c11717a6c8, type: 3}
      propertyPath: m_LocalEulerAnglesHint.y
      value: 0
      objectReference: {fileID: 0}
    - target: {fileID: 2529578785426661615, guid: 1d9d15b4510e54642bb454c11717a6c8, type: 3}
      propertyPath: m_LocalEulerAnglesHint.z
      value: 0
      objectReference: {fileID: 0}
    - target: {fileID: 4786291128578462875, guid: 1d9d15b4510e54642bb454c11717a6c8, type: 3}
      propertyPath: m_Name
      value: Spawner
      objectReference: {fileID: 0}
    - target: {fileID: 4786291128578462875, guid: 1d9d15b4510e54642bb454c11717a6c8, type: 3}
      propertyPath: m_TagString
      value: Spawner
      objectReference: {fileID: 0}
    m_RemovedComponents: []
  m_SourcePrefab: {fileID: 100100000, guid: 1d9d15b4510e54642bb454c11717a6c8, type: 3}
--- !u!4 &3330836032091732728 stripped
Transform:
  m_CorrespondingSourceObject: {fileID: 2529578785426661615, guid: 1d9d15b4510e54642bb454c11717a6c8, type: 3}
  m_PrefabInstance: {fileID: 946705047400372759}
  m_PrefabAsset: {fileID: 0}
--- !u!1001 &1600421586806538365
PrefabInstance:
  m_ObjectHideFlags: 0
  serializedVersion: 2
  m_Modification:
    m_TransformParent: {fileID: 8377538653282357370}
    m_Modifications:
    - target: {fileID: -8679921383154817045, guid: 7eadf2168188ab7448040057d24d5577, type: 3}
      propertyPath: m_RootOrder
      value: 1
      objectReference: {fileID: 0}
    - target: {fileID: -8679921383154817045, guid: 7eadf2168188ab7448040057d24d5577, type: 3}
      propertyPath: m_LocalPosition.x
      value: 3.8
      objectReference: {fileID: 0}
    - target: {fileID: -8679921383154817045, guid: 7eadf2168188ab7448040057d24d5577, type: 3}
      propertyPath: m_LocalPosition.y
      value: 0
      objectReference: {fileID: 0}
    - target: {fileID: -8679921383154817045, guid: 7eadf2168188ab7448040057d24d5577, type: 3}
      propertyPath: m_LocalPosition.z
      value: 0
      objectReference: {fileID: 0}
    - target: {fileID: -8679921383154817045, guid: 7eadf2168188ab7448040057d24d5577, type: 3}
      propertyPath: m_LocalRotation.w
      value: 1
      objectReference: {fileID: 0}
    - target: {fileID: -8679921383154817045, guid: 7eadf2168188ab7448040057d24d5577, type: 3}
      propertyPath: m_LocalRotation.x
      value: 0
      objectReference: {fileID: 0}
    - target: {fileID: -8679921383154817045, guid: 7eadf2168188ab7448040057d24d5577, type: 3}
      propertyPath: m_LocalRotation.y
      value: -0
      objectReference: {fileID: 0}
    - target: {fileID: -8679921383154817045, guid: 7eadf2168188ab7448040057d24d5577, type: 3}
      propertyPath: m_LocalRotation.z
      value: -0
      objectReference: {fileID: 0}
    - target: {fileID: -8679921383154817045, guid: 7eadf2168188ab7448040057d24d5577, type: 3}
      propertyPath: m_LocalEulerAnglesHint.x
      value: 0
      objectReference: {fileID: 0}
    - target: {fileID: -8679921383154817045, guid: 7eadf2168188ab7448040057d24d5577, type: 3}
      propertyPath: m_LocalEulerAnglesHint.y
      value: 0
      objectReference: {fileID: 0}
    - target: {fileID: -8679921383154817045, guid: 7eadf2168188ab7448040057d24d5577, type: 3}
      propertyPath: m_LocalEulerAnglesHint.z
      value: 0
      objectReference: {fileID: 0}
    - target: {fileID: 919132149155446097, guid: 7eadf2168188ab7448040057d24d5577, type: 3}
      propertyPath: m_Name
      value: pillar
      objectReference: {fileID: 0}
    m_RemovedComponents: []
  m_SourcePrefab: {fileID: 100100000, guid: 7eadf2168188ab7448040057d24d5577, type: 3}
--- !u!1 &1942387508301380908 stripped
GameObject:
  m_CorrespondingSourceObject: {fileID: 919132149155446097, guid: 7eadf2168188ab7448040057d24d5577, type: 3}
  m_PrefabInstance: {fileID: 1600421586806538365}
  m_PrefabAsset: {fileID: 0}
--- !u!4 &1278863454786414486 stripped
Transform:
  m_CorrespondingSourceObject: {fileID: -8679921383154817045, guid: 7eadf2168188ab7448040057d24d5577, type: 3}
  m_PrefabInstance: {fileID: 1600421586806538365}
  m_PrefabAsset: {fileID: 0}
--- !u!1001 &2049397650406615562
PrefabInstance:
  m_ObjectHideFlags: 0
  serializedVersion: 2
  m_Modification:
    m_TransformParent: {fileID: 8377538653282357370}
    m_Modifications:
    - target: {fileID: -8679921383154817045, guid: 7eadf2168188ab7448040057d24d5577, type: 3}
      propertyPath: m_RootOrder
      value: 2
      objectReference: {fileID: 0}
    - target: {fileID: -8679921383154817045, guid: 7eadf2168188ab7448040057d24d5577, type: 3}
      propertyPath: m_LocalPosition.x
      value: -3.8
      objectReference: {fileID: 0}
    - target: {fileID: -8679921383154817045, guid: 7eadf2168188ab7448040057d24d5577, type: 3}
      propertyPath: m_LocalPosition.y
      value: 0
      objectReference: {fileID: 0}
    - target: {fileID: -8679921383154817045, guid: 7eadf2168188ab7448040057d24d5577, type: 3}
      propertyPath: m_LocalPosition.z
      value: 0
      objectReference: {fileID: 0}
    - target: {fileID: -8679921383154817045, guid: 7eadf2168188ab7448040057d24d5577, type: 3}
      propertyPath: m_LocalRotation.w
      value: 1
      objectReference: {fileID: 0}
    - target: {fileID: -8679921383154817045, guid: 7eadf2168188ab7448040057d24d5577, type: 3}
      propertyPath: m_LocalRotation.x
      value: 0
      objectReference: {fileID: 0}
    - target: {fileID: -8679921383154817045, guid: 7eadf2168188ab7448040057d24d5577, type: 3}
      propertyPath: m_LocalRotation.y
      value: -0
      objectReference: {fileID: 0}
    - target: {fileID: -8679921383154817045, guid: 7eadf2168188ab7448040057d24d5577, type: 3}
      propertyPath: m_LocalRotation.z
      value: -0
      objectReference: {fileID: 0}
    - target: {fileID: -8679921383154817045, guid: 7eadf2168188ab7448040057d24d5577, type: 3}
      propertyPath: m_LocalEulerAnglesHint.x
      value: 0
      objectReference: {fileID: 0}
    - target: {fileID: -8679921383154817045, guid: 7eadf2168188ab7448040057d24d5577, type: 3}
      propertyPath: m_LocalEulerAnglesHint.y
      value: 0
      objectReference: {fileID: 0}
    - target: {fileID: -8679921383154817045, guid: 7eadf2168188ab7448040057d24d5577, type: 3}
      propertyPath: m_LocalEulerAnglesHint.z
      value: 0
      objectReference: {fileID: 0}
    - target: {fileID: 919132149155446097, guid: 7eadf2168188ab7448040057d24d5577, type: 3}
      propertyPath: m_Name
      value: pillar (1)
      objectReference: {fileID: 0}
    m_RemovedComponents: []
  m_SourcePrefab: {fileID: 100100000, guid: 7eadf2168188ab7448040057d24d5577, type: 3}
--- !u!1 &1202889497324066651 stripped
GameObject:
  m_CorrespondingSourceObject: {fileID: 919132149155446097, guid: 7eadf2168188ab7448040057d24d5577, type: 3}
  m_PrefabInstance: {fileID: 2049397650406615562}
  m_PrefabAsset: {fileID: 0}
--- !u!4 &2016017462658387425 stripped
Transform:
  m_CorrespondingSourceObject: {fileID: -8679921383154817045, guid: 7eadf2168188ab7448040057d24d5577, type: 3}
  m_PrefabInstance: {fileID: 2049397650406615562}
  m_PrefabAsset: {fileID: 0}
--- !u!1001 &8178905046039095299
PrefabInstance:
  m_ObjectHideFlags: 0
  serializedVersion: 2
  m_Modification:
    m_TransformParent: {fileID: 8377538653282357370}
    m_Modifications:
    - target: {fileID: -8679921383154817045, guid: 60054598fb267914b9960737b826de6d, type: 3}
      propertyPath: m_RootOrder
      value: 0
      objectReference: {fileID: 0}
    - target: {fileID: -8679921383154817045, guid: 60054598fb267914b9960737b826de6d, type: 3}
      propertyPath: m_LocalPosition.x
      value: -0
      objectReference: {fileID: 0}
    - target: {fileID: -8679921383154817045, guid: 60054598fb267914b9960737b826de6d, type: 3}
      propertyPath: m_LocalPosition.y
      value: 0
      objectReference: {fileID: 0}
    - target: {fileID: -8679921383154817045, guid: 60054598fb267914b9960737b826de6d, type: 3}
      propertyPath: m_LocalPosition.z
      value: 0
      objectReference: {fileID: 0}
    - target: {fileID: -8679921383154817045, guid: 60054598fb267914b9960737b826de6d, type: 3}
      propertyPath: m_LocalRotation.w
      value: 1
      objectReference: {fileID: 0}
    - target: {fileID: -8679921383154817045, guid: 60054598fb267914b9960737b826de6d, type: 3}
      propertyPath: m_LocalRotation.x
      value: 0
      objectReference: {fileID: 0}
    - target: {fileID: -8679921383154817045, guid: 60054598fb267914b9960737b826de6d, type: 3}
      propertyPath: m_LocalRotation.y
      value: -0
      objectReference: {fileID: 0}
    - target: {fileID: -8679921383154817045, guid: 60054598fb267914b9960737b826de6d, type: 3}
      propertyPath: m_LocalRotation.z
      value: -0
      objectReference: {fileID: 0}
    - target: {fileID: -8679921383154817045, guid: 60054598fb267914b9960737b826de6d, type: 3}
      propertyPath: m_LocalEulerAnglesHint.x
      value: 0
      objectReference: {fileID: 0}
    - target: {fileID: -8679921383154817045, guid: 60054598fb267914b9960737b826de6d, type: 3}
      propertyPath: m_LocalEulerAnglesHint.y
      value: 0
      objectReference: {fileID: 0}
    - target: {fileID: -8679921383154817045, guid: 60054598fb267914b9960737b826de6d, type: 3}
      propertyPath: m_LocalEulerAnglesHint.z
      value: 0
      objectReference: {fileID: 0}
    - target: {fileID: 919132149155446097, guid: 60054598fb267914b9960737b826de6d, type: 3}
      propertyPath: m_Name
      value: wall_door
      objectReference: {fileID: 0}
    m_RemovedComponents: []
  m_SourcePrefab: {fileID: 100100000, guid: 60054598fb267914b9960737b826de6d, type: 3}
--- !u!1 &9025256670112142674 stripped
GameObject:
  m_CorrespondingSourceObject: {fileID: 919132149155446097, guid: 60054598fb267914b9960737b826de6d, type: 3}
  m_PrefabInstance: {fileID: 8178905046039095299}
  m_PrefabAsset: {fileID: 0}
--- !u!4 &8506164670438182888 stripped
Transform:
  m_CorrespondingSourceObject: {fileID: -8679921383154817045, guid: 60054598fb267914b9960737b826de6d, type: 3}
  m_PrefabInstance: {fileID: 8178905046039095299}
  m_PrefabAsset: {fileID: 0}
